 Dungeon Crawl Stone Soup version bcrawl-1.12-11-gb93c957c58 (console) character file.

Game seed: 9722755781529769047

22 Lexodia the Skirmisher (level 2, 0/25 HPs)
             Began as a Centaur Archaeologist on July 3, 2019.
             Killed from afar by Sigmund (5 damage)
             ... with a magic dart
             ... on level 2 of the Dungeon.
             The game lasted 00:02:00 (979 turns).

Lexodia the Skirmisher (Centaur Archaeologist)       Turns: 979, Time: 00:02:01

Health: 0/25       AC:  9    Str: 18    XL:     2   Next: 68%
Magic:  2/2        EV:  9    Int: 13    God:
Gold:   58         SH:  0    Dex:  7    Spells: 1/1 levels left

rFire    + . .     SeeInvis .   m - +0 short sword
rCold    . . .     Gourm    .   (no shield)
rNeg     . . .     Faith    .   i - +2 leather armour {rF+}
rPois    .         Spirit   .   b - +1 hat
rElec    .         Reflect  .   (no cloak)
rCorr    .         Harm     .   d - +1 pair of gloves
MR       +....                  (no barding)
Stlth    +.........             l - amulet of the acrobat
HPRegen  0.08/turn              (no ring)
MPRegen  0.08/turn              (no ring)

@: mighty, very quick
A: large, hooves 3, blurry vision 1, deformed body, speed 2, magic resistance 1,
tough skin 3
a: no special abilities


You were on level 2 of the Dungeon.
You were not hungry.

You visited 1 branch of the dungeon, and saw 2 of its levels.

You collected 58 gold pieces.

Inventory:

Hand Weapons
 m - a +0 short sword (weapon)
Armour
 a - a +1 robe
 b - a +1 hat (worn)
 c - a +1 robe
 d - a +1 pair of gloves (worn)
 i - a +2 leather armour of fire resistance (worn)
Jewellery
 l - an amulet of the acrobat (around neck)
Scrolls
 h - a scroll of amnesia {unknown}
Potions
 n - a potion of flight {unknown}
Miscellaneous
 e - a dusty tome
 f - an ancient crate
Comestibles
 g - a ration {!d}
 o - 4 chunks of flesh


   Skills:
 + Level 2.7 Fighting
 - Level 2.1 Dodging
 - Level 2.0 Stealth


You had one spell level left.
You didn't know any spells.
Your spell library was empty.

Dungeon Overview and Level Annotations

Branches:
Dungeon (2/12)

Altars:

Annotations:
D:2 Sigmund


Innate Abilities, Weirdness & Mutations

You have hooves in place of feet.
Armour fits poorly on your strangely shaped body.
You cover ground very quickly.
You have extremely tough skin. (AC +3)
Scrolls take you a little longer to read.
You are resistant to hostile enchantments. (MR+)


Message History

You feel resistant to hostile enchantments.
Sigmund hits you but does no damage.
It was a potion of might.
You feel very mighty all of a sudden. Sigmund completely misses you.
You closely miss Sigmund. You closely miss Sigmund. Your kick misses Sigmund.
Sigmund looks satisfied for a moment.
You puncture Sigmund! Your kick misses Sigmund.
Sigmund is moderately wounded.
Sigmund hits you with a +0 scythe!
* * * LOW HITPOINT WARNING * * *
You hit Sigmund.
Sigmund is heavily wounded.
Sigmund begins to cast a cantrip, but forgets the words!
You puncture Sigmund! Your kick misses Sigmund.
Sigmund is severely wounded.
Sigmund gestures at you while chanting. The magic dart hits you!
You die...

...... #...... .....
.... ... #.#
#.##.###.###### .
......@@......#..
#....###...#..... ###
#.#.#..... #.........
### ##.....#.. ..#
..#########.#.####.###.#
.......)......>.....##.#
..###...###.#....##....#
#...# #.#....##.####


You could see Sigmund.

Vanquished Creatures
  A worm (D:2)
  A leopard gecko (D:2)
  A ball python (D:1)
  A bat (D:1)
  A giant cockroach (D:2)
  2 goblins
  3 hobgoblins (D:1)
  5 frilled lizards
  A kobold (D:1)
  2 rats (D:2)
18 creatures vanquished.

Notes
Turn   | Place    | Note
-------+----------+-------------------------------------------
     0 | D:1      | Lexodia the Centaur Archaeologist began the quest for the
                  | Orb.
     0 | D:1      | Reached XP level 1. HP: 16/16 MP: 1/1
   529 | D:1      | Reached XP level 2. HP: 14/24 MP: 2/2
   971 | D:2      | Noticed Sigmund
   972 | D:2      | Gained mutation: Scrolls take you a little longer to read.
                  | [potion of mutation]
   972 | D:2      | Gained mutation: You are resistant to hostile enchantments.
                  | (MR+) [potion of mutation]
   979 | D:2      | Killed from afar by Sigmund

Skill      XL: |  1 |
---------------+----+-----
Fighting       | 2 |  2.7
Dodging        | |  2.1
Stealth        | |  2.0

Action                   || total
-------------------------++-------
Melee: Unarmed           ||    50
       Kick              ||    14
       Short sword       ||    33
  Use: Potion            ||     2
Armor: Leather armour    ||    25
Dodge: Dodged            ||    34
